[Event "*** SCC Grand Prix: Titled Tuesday Blitz"]
[Site "Chess.com"]
[Date "2020.09.08"]
[Round "1"]
[White "Gabix_94"]
[Black "ChelsieMonica"]
[Result "1-0"]
[WhiteElo "2837"]
[BlackElo "2419"]
[TimeControl "180+1"]
[EndTime "10:05:41 PDT"]
[Termination "Gabix_94 won by checkmate"]

1. c4 Nf6 2. Nc3 e6 3. e4 d5 4. e5 Nfd7 5. d4 dxc4 6. Bxc4 Nb6 7. Bd3 Be7 8. Nf3 h6 9. O-O O-O 10. Bc2 c5 11. Qd3 g6 12. Bxh6 Nc6 13. Bxf8 Bxf8 14. dxc5 Qxd3 15. Bxd3 Bxc5 16. Ne4 Be7 17. Rac1 Bd7 18. a3 Nd5 19. Rfd1 Kg7 20. Bc4 Nb6 21. Ba2 Be8 22. Nd6 Rb8 23. Nxe8+ Rxe8 24. b4 a6 25. g3 Rd8 26. Rxd8 Bxd8 27. Rd1 Be7 28. h4 a5 29. b5 Nb8 30. Rd3 N8d7 31. Rc3 Bc5 32. Kf1 Na4 33. Rd3 Nab6 34. Ke2 Kf8 35. g4 Kg7 36. Rc3 Na4 37. Rc4 Nab6 38. Re4 Bxa3 39. h5 Bb4 40. Rf4 Bc3 41. h6+ Kxh6 42. Rxf7 a4 43. g5+ Kh5 44. Bb1 Nxe5 45. Rh7+ Kg4 46.
Rh4# 1-0

[Event "*** SCC Grand Prix: Titled Tuesday Blitz"]
[Site "Chess.com"]
[Date "2020.09.08"]
[Round "1"]
[White "kngopal"]
[Black "m_ezat"]
[Result "0-1"]
[WhiteElo "2227"]
[BlackElo "2562"]
[TimeControl "180+1"]
[EndTime "10:05:44 PDT"]
[Termination "m_ezat won on time"]

1. c4 Nf6 2. g3 g6 3. Bg2 Bg7 4. Nc3 O-O 5. Nf3 c5 6. a3 d5 7. cxd5 Nxd5 8. O-O Nc6 9. Qb3 Nb6 10. Qd1 c4 11. a4 Na5 12. Ra3 Nb3 13. a5 Nd5 14. Nxd5 Qxd5 15. d4 Qb5 16. Bf4 Rd8 17. Qc2 Nxd4 18.
Nxd4 Bxd4 19. Rd1 Bf5 20. e4 Bg4 21. Re1 Qxb2 22. Ra2 Qb4 23. h3 Qxe1+ 24. Kh2 Bd1 25. Qxc4 Bxf2 0-1

[Event "*** SCC Grand Prix: Titled Tuesday Blitz"]
[Site "Chess.com"]
[Date "2020.09.08"]
[Round "1"]
[White "Grineva_Marianna"]
[Black "shnitez"]
[Result "1-0"]
[WhiteElo "2227"]
[BlackElo "2530"]
[TimeControl "180+1"]
[EndTime "10:05:45 PDT"]
[Termination "Grineva_Marianna won by resignation"]

1. e4 c5 2. Nf3 e6 3. d4 cxd4 4. Nxd4 a6 5. Bd3 Bc5 6. Nb3 Be7 7. Qg4 g6 8. Qe2 d6 9. O-O Nd7 10. Na3 Qc7 11. Nc4 b6 12. a4 Bb7 13. a5 b5 14. Nb6 Nxb6 15. axb6 Qxb6 16. Na5 Rc8 17. Nxb7 Qxb7 18. c4 Rb8 19. cxb5 axb5 20. Be3 Nf6 21. Ra7 Qc8 22. Rc1 Qd8 23. Bxb5+ Kf8 24. Rcc7 Ng8 25.
Rd7 Qc8 26. Rac7 1-0

[Event "*** SCC Grand Prix: Titled Tuesday Blitz"]
[Site "Chess.com"]
[Date "2020.09.08"]
[Round "1"]
[White "Nafania1"]
[Black "DrVelja"]
[Result "0-1"]
[WhiteElo "2411"]
[BlackElo "2818"]
[TimeControl "180+1"]
[EndTime "10:05:46 PDT"]
[Termination "DrVelja won by resignation"]

1. e4 c5 2. Nf3 g6 3. c3 Bg7 4. d4 d5 5. e5 Nc6 6. Bb5 Nh6 7.
h3 O-O 8. O-O cxd4 9. cxd4 f6 10.
Nc3 Nf7 11. Bxc6 bxc6 12. Re1 fxe5 13. dxe5 Be6 14. Bf4 c5 15. Na4 Qa5 16. Rc1 Rac8 17. b3 d4 18. Nd2 Bd5 19. Nc4 Qb5 20. e6 Nd8 21. Be5 Nxe6 22. Bxg7 Kxg7 23. Re5 Qc6 24. f3 Rf7 25. Na5 Qd6 26. Qe1 Nf4 27. Nc4 Bxc4 28.
Rxc4 Nd3 0-1

[Event "*** SCC Grand Prix: Titled Tuesday Blitz"]
[Site "Chess.com"]
[Date "2020.09.08"]
[Round "1"]
[White "AvitalBor"]
[Black "laboratorio25"]
[Result "0-1"]
[WhiteElo "2732"]
[BlackElo "2406"]
[TimeControl "180+1"]
[EndTime "10:05:46 PDT"]
[Termination "laboratorio25 won on time"]

1. Nf3 d5 2. c4 dxc4 3. e3 Nf6 4. Bxc4 e6 5. Nc3 a6 6. a4 c5 7. d4 cxd4 8. exd4 Nc6 9. O-O Nb4 10. Bg5 Be7 11. Qb3 Nbd5 12. Bxd5 Nxd5 13. Nxd5 Qxd5 14. Qxd5 exd5 15. Bxe7 Kxe7 16. Rac1 Kd6 17. Ne5 Be6 18. a5 Rac8 19. Nd3 Rc4 20. Nc5 Rb8 21. Rfd1 Rb4 22.
Rd2 Rb5 23. Ra1 b6 24. axb6 R8xb6 0-1

[Event "*** SCC Grand Prix: Titled Tuesday Blitz"]
[Site "Chess.com"]
[Date "2020.09.08"]
[Round "1"]
[White "BocharovD"]
[Black "Hypercar"]
[Result "1-0"]
[WhiteElo "2804"]
[BlackElo "2405"]
[TimeControl "180+1"]
[EndTime "10:05:47 PDT"]
[Termination "BocharovD won on time"]

1. c4 e6 2. Nf3 d5 3. g3 Nf6 4. Bg2 Be7 5. O-O O-O 6. b3 c5 7. e3 b6 8. Bb2 Bb7 9. Qe2 Nc6 10.
Nc3 Qc7 11. cxd5 exd5 12. d4 Rad8 13. Rfd1 Qb8 14. Rac1 Rfe8 15. dxc5 bxc5 16. Na4 d4 17. Nxc5 dxe3 18. Nxb7 Qxb7 19. Ne5 exf2+ 20. Qxf2 Rxd1+ 21. Rxd1 Qa6 22. Nxc6 h5 23. Nxe7+ Rxe7 24. Rd8+ Ne8 25. Bf1 Qxa2 26. Qd4 f6 27. Qd5+ Kf8 28. Bd4 Qd2 29. Bc5 1-0

[Event "*** SCC Grand Prix: Titled Tuesday Blitz"]
[Site "Chess.com"]
[Date "2020.09.08"]
[Round "1"]
[White "Matveev_Vladimir"]
[Black "Karina_Ivanova"]
[Result "1-0"]
[WhiteElo "2574"]
[BlackElo "2245"]
[TimeControl "180+1"]
[EndTime "10:05:47 PDT"]
[Termination "Matveev_Vladimir won by resignation"]

1. d4 Nf6 2. c4 e6 3. Nf3 b6 4. a3 Bb7 5. Nc3 d5 6. Bg5 Be7 7. e3 O-O 8. Rc1 Nbd7 9. cxd5 exd5 10. Bd3 c5 11. O-O Rc8 12. dxc5 Nxc5 13. Bf5 Ne6 14. Bh4 Qd6 15. Bg3 Qd8 16. Nd4 Qd7 17.
Be5 Rfd8 18. Qf3 Nxd4 19. Bxd4 Qd6 20. Bxc8 Rxc8 21. Nb5 Qb8 22. Rxc8+ Bxc8 23. Rc1 Be6 24. Qg3 Qxg3 25. hxg3 a6 26. Nc7 Bc8 27. Bxb6 1-0

[Event "*** SCC Grand Prix: Titled Tuesday Blitz"]
[Site "Chess.com"]
[Date "2020.09.08"]
[Round "1"]
[White "Kobalia"]
[Black "Nara_Kh"]
[Result "1-0"]
[WhiteElo "2768"]
[BlackElo "2397"]
[TimeControl "180+1"]
[EndTime "10:05:48 PDT"]
[Termination "Kobalia won by checkmate"]

1. e4 c5 2. Nf3 d6 3. Bb5+ Nd7 4. O-O a6 5. Bd3 Ngf6 6. c3 e6 7. Bc2 Be7 8. d4 O-O 9. Re1 Qc7 10. e5 Nd5 11. Qd3 g6 12. Bh6 Re8 13. Nbd2 dxe5 14.
dxe5 b5 15. Qe4 Bb7 16. Qg4 Bf8 17. Bxf8 Rxf8 18. Qh4 Kg7 19. Ne4 h6 20. Qg3 Ne7 21. h4 Nf5 22. Qf4 Kh7 23. g4 Ne7 24. h5 Nd5 25. Qh2 Kg7 26. g5 hxg5 27. hxg6 fxg6 28. Nfxg5 Nf4 29. Qh7# 1-0

[Event "*** SCC Grand Prix: Titled Tuesday Blitz"]
[Site "Chess.com"]
[Date "2020.09.08"]
[Round "1"]
[White "gui_borba"]
[Black "Pultis"]
[Result "0-1"]
[WhiteElo "2386"]
[BlackElo "2744"]
[TimeControl "180+1"]
[EndTime "10:05:48 PDT"]
[Termination "Pultis won by resignation"]

1. e4 c6 2. d4 d5 3. e5 Bf5 4. h4 Qb6 5. g4 Bd7 6. h5 e6 7. c3 c5 8. f4 Nc6 9. Nf3 Rc8 10. a3 cxd4 11. cxd4 Nxd4 12. Nxd4 Rxc1 13. Qxc1 Qxd4 14. Nc3 f6 15. Qd2 Qxd2+ 16. Kxd2 fxe5 17. fxe5 a6 18. b4 Be7 19. Bd3 Nh6 20. Rhg1 Nf7 21. Raf1 Bg5+ 22. Kd1 Nxe5 23. Be2 Ke7 24. Nb1 Rc8 25.
Ke1 Be3 26. Rg3 Rc1+ 27. Bd1 d4 28. Nd2 Bb5 29. Rh1 Nd3+ 30. Ke2 Nf2+ 31. Kf3 Bc6+ 32. Ne4 Bxe4+ 33. Ke2 0-1

[Event "*** SCC Grand Prix: Titled Tuesday Blitz"]
[Site "Chess.com"]
[Date "2020.09.08"]
[Round "1"]
[White "ValeriyGrinev"]
[Black "BurningggIce"]
[Result "1-0"]
[WhiteElo "2672"]
[BlackElo "2336"]
[TimeControl "180+1"]
[EndTime "10:05:48 PDT"]
[Termination "ValeriyGrinev won by resignation"]

1. d4 Nf6 2. c4 e6 3. Nc3 Bb4 4.
e3 d5 5. a3 Be7 6. Nf3 b6 7.
cxd5 exd5 8. Bb5+ c6 9. Bd3 O-O 10. O-O Bb7 11. Ne5 Nbd7 12. f4 c5 13. Qf3 Re8 14. Bd2 Nf8 15. Be1 Bd6 16. Bh4 Be7 17. Bb5 N6d7 18. Bxe7 Qxe7 19. Nxd5 Qd6 20. Ne7+ Qxe7 21. Qxb7 Nxe5 22. Qxe7 Rxe7 23. dxe5 a6 24. Bc6 Rc8 25. Bf3 Rd8 26. Rfd1 Red7 27. Rxd7 Rxd7 28. Rd1 g6 29. Kf2 Kg7 30. Rxd7 Nxd7 31.
Bb7 a5 32. Ke2 Kf8 33. Kd3 Ke7 34. Kc4 f6 35. exf6+ Kxf6 36. Kb5 Ke7 37. Bc6 Nf6 38. h3 Kd6 39. Kxb6 c4 40. Kb5 Ng8 41. Bf3 Ne7 42. g4 1-0

[Event "*** SCC Grand Prix: Titled Tuesday Blitz"]
[Site "Chess.com"]
[Date "2020.09.08"]
[Round "1"]
[White "GoltsevDmitry2000"]
[Black "mfwagnerpeixoto"]
[Result "1-0"]
[WhiteElo "2575"]
[BlackElo "2249"]
[TimeControl "180+1"]
[EndTime "10:05:52 PDT"]
[Termination "GoltsevDmitry2000 won by resignation"]

1. e4 c5 2. Nf3 d6 3. d4 cxd4 4. Nxd4 Nf6 5. Nc3 g6 6. Be2 Bg7 7. O-O O-O 8. Be3 Nc6 9. f4 Nxd4 10. Bxd4 Be6 11. Bf3 Qc8 12. e5 dxe5 13. Bxe5 Rd8 14.
Qe2 a6 15. Qf2 Ng4 16. Bxg4 Bxg4 17. Bxg7 Kxg7 18. h3 Be6 19. Rad1 Qc4 20. Qe3 Kg8 21. g4 Rxd1 22. Rxd1 b5 23. Qd4 Qxd4+ 24. Rxd4 Rc8 25. a3 Rc4 26. Rxc4 Bxc4 27. Kf2 f6 28. Ke3 e5 29.
fxe5 fxe5 30. Ne4 Kg7 31. g5 Be6 32. h4 Bf5 33. Nc5 Bxc2 34. Nxa6 Kf7 35. Nc7 Ba4 36. Ke4 Bc2+ 37. Kxe5 Bd3 38. b3 Ke7 39. Nd5+ Kf7 40. a4 Bc2 41. axb5 Bxb3 42. b6 1-0

[Event "*** SCC Grand Prix: Titled Tuesday Blitz"]
[Site "Chess.com"]
[Date "2020.09.08"]
[Round "1"]
[White "lelya96"]
[Black "ShahMatKanal"]
[Result "0-1"]
[WhiteElo "2163"]
[BlackElo "2528"]
[TimeControl "180+1"]
[EndTime "10:05:53 PDT"]
[Termination "ShahMatKanal won by resignation"]

1. e4 c6 2. d4 d5 3. exd5 cxd5 4. Nf3 Nf6 5. h3 Nc6 6. Bd3 g6 7. O-O Bg7 8. c3 O-O 9. Re1 a6 10. Nbd2 Rb8 11. Nb3 Bf5 12. Nc5 Bxd3 13. Qxd3 e6 14. Bg5 Qc7 15. Qd2 Nh5 16. Nd3 Na5 17. b3 Rbc8 18.
Rac1 Rfe8 19. Nfe5 f6 20. g4 fxe5 21. gxh5 e4 22. Nf4 h6 23. Nxg6 hxg5 24. Qxg5 Qf7 25. h6 Kh7 26. Ne5 Bxe5 27. Qxe5 Rg8+ 28. Kh2 Nc6 29. Qd6 Rcd8 30. Qc5 Qxf2+ 0-1

[Event "*** SCC Grand Prix: Titled Tuesday Blitz"]
[Site "Chess.com"]
[Date "2020.09.08"]
[Round "1"]
[White "mortngabriel"]
[Black "emiliocordova"]
[Result "0-1"]
[WhiteElo "2398"]
[BlackElo "2773"]
[TimeControl "180+1"]
[EndTime "10:05:56 PDT"]
[Termination "emiliocordova won by resignation"]

1. e4 c5 2. Nf3 Nc6 3. Bb5 e6 4. O-O Nge7 5. Re1 Ng6 6. c3 Be7 7. d4 a6 8. Bf1 cxd4 9. cxd4 d5 10. e5 O-O 11. Nc3 Bd7 12. a3 Qc7 13. Be3 f6 14.
exf6 Rxf6 15. Bg5 Rxf3 16. Qxf3 Bxg5 17. Nxd5 Qd6 18. Nb6 Rf8 19. Qg4 Bf6 20. Nxd7 Qxd7 21. Rad1 Nxd4 22. Bc4 Kh8 23. Rxe6 Rd8 24. Ree1 Qxg4 0-1

[Event "*** SCC Grand Prix: Titled Tuesday Blitz"]
[Site "Chess.com"]
[Date "2020.09.08"]
[Round "1"]
[White "krasavetc"]
[Black "seorobert1971"]
[Result "0-1"]
[WhiteElo "2342"]
[BlackElo "2677"]
[TimeControl "180+1"]
[EndTime "10:05:56 PDT"]
[Termination "seorobert1971 won on time"]

1. e4 e6 2. Nf3 d5 3. exd5 exd5 4.
d4 Bd6 5. Be2 Ne7 6. O-O O-O 7.
c4 c6 8. c5 Bc7 9. Nc3 Nd7 10.
Bd3 Nf6 11. Bg5 Ng6 12. Re1 h6 13. Bd2 Nf4 14. Bb1 Bg4 15. Bxf4 Bxf4 16. Qd3 Re8 17.
Bc2 Qc7 18. h3 Bxf3 19. Qxf3 Bd2 20. Re2 Rxe2 21. Qxe2 Bxc3 22. bxc3 Re8 23. Qd2 Qe7 24. Kf1 Ne4 25. Qe3 Qf6 26. Re1 Re6 27. Bxe4 Rxe4 28. Qd3 Rxe1+ 29. Kxe1 Kf8 30. f3 g6 31. Kf2 Qh4+ 32.
Kf1 Qf4 33. Qc2 Qe3 34. Qb2 Qd3+ 0-1

[Event "*** SCC Grand Prix: Titled Tuesday Blitz"]
[Site "Chess.com"]
[Date "2020.09.08"]
[Round "1"]
[White "Bodnar_Mykola"]
[Black "Renegade_Hitman"]
[Result "1-0"]
[WhiteElo "2516"]
[BlackElo "2132"]
[TimeControl "180+1"]
[EndTime "10:05:57 PDT"]
[Termination "Bodnar_Mykola won on time"]

1. e4 e5 2. Nf3 Nc6 3. Bc4 Nf6 4. d3 Bc5 5. c3 O-O 6. O-O h6 7. Re1 Re8 8. h3 d5 9. exd5 Nxd5 10. Nbd2 Nf4 11. Ne4 Bb6 12. Bxf4 exf4 13. d4 Bf5 14. Bd3 Ne7 15. Qc2 Ng6 16. a4 c6 17. Nf6+ Qxf6 18. Bxf5 Nh4 19. Nxh4 Qxh4 20. Qd3 Bc7 21. Be4 Re6 22.
Bf3 Rae8 23. Rxe6 Rxe6 24. a5 a6 25. d5 cxd5 26. Bxd5 Rd6 27. Qf5 Qf6 28. Qc8+ Qd8 29. Bxb7 Qxc8 30. Bxc8 Rd2 31. b4 f3 32. gxf3 1-0

[Event "*** SCC Grand Prix: Titled Tuesday Blitz"]
[Site "Chess.com"]
[Date "2020.09.08"]
[Round "1"]
[White "pastouche06"]
[Black "natelleka"]
[Result "1-0"]
[WhiteElo "2511"]
[BlackElo "2120"]
[TimeControl "180+1"]
[EndTime "10:05:57 PDT"]
[Termination "pastouche06 won by resignation"]

1. d4 d5 2. c4 c5 3. cxd5 Qxd5 4.
Nf3 cxd4 5. Nc3 Qa5 6. Nxd4 Nf6 7. g3 e5 8. Nb3 Qc7 9. Bg2 Bb4 10. O-O Bxc3 11. bxc3 O-O 12. Bg5 Nc6 13. Bxf6 gxf6 14. Qd2 Kg7 15. Rad1 Rd8 16. Qe3 Be6 17. Nc5 Bxa2 18.
f4 Rxd1 19. Rxd1 Rc8 20. Be4 Nd4 21. cxd4 exd4 22. Qa3 Qxc5 23. Qxa2 d3+ 24. Kg2 dxe2 25. Qxe2 Re8 26. Qg4+ Kh8 27. Qf5 Qxf5 28. Bxf5 b5 29. Rd7 Rb8 30. Rxf7 b4 31. Rxh7+ Kg8 32. Rxa7 b3 33. Be6+ Kh8 34. Bf5 b2 35. Bb1 Kg8 36.
h4 Kf8 37. h5 Kg8 38. h6 Kh8 39. g4 Kg8 40. g5 fxg5 41. fxg5 1-0

[Event "*** SCC Grand Prix: Titled Tuesday Blitz"]
[Site "Chess.com"]
[Date "2020.09.08"]
[Round "1"]
[White "LiemLe"]
[Black "ARMQUEEN"]
[Result "1-0"]
[WhiteElo "2983"]
[BlackElo "2464"]
[TimeControl "180+1"]
[EndTime "10:05:58 PDT"]
[Termination "LiemLe won by checkmate"]

1. d4 d5 2. Bf4 c5 3. e3 Nf6 4. Nd2 Nc6 5. Ngf3 Bf5 6. Bb5 Qb6 7. c4 a6 8. Bxc6+ bxc6 9. Qa4 Bd3 10. Ne5 dxc4 11.
Ndxc4 Bxc4 12. Qxc4 cxd4 13. Qxf7+ Kd8 14. O-O c5 15. exd4 cxd4 16. Rac1 Rc8 17. Bd2 e6 18. Rxc8+ Kxc8 19. Rc1+ Kb8 20. Bf4 Bd6 21. Qxe6 Rd8 22. Nc6+ Qxc6 23. Rxc6 Bxf4 24. Rb6+ Ka7 25. Rxa6+ Kb7 26.
Qc6+ Kb8 27. Ra8# 1-0

[Event "*** SCC Grand Prix: Titled Tuesday Blitz"]
[Site "Chess.com"]
[Date "2020.09.08"]
[Round "1"]
[White "wonderfultime"]
[Black "Oligan22"]
[Result "1-0"]
[WhiteElo "2945"]
[BlackElo "2459"]
[TimeControl "180+1"]
[EndTime "10:06:00 PDT"]
[Termination "wonderfultime won by checkmate"]

1. d4 d5 2. Nf3 Nf6 3. Bf4 c5 4. c3 cxd4 5. cxd4 Nc6 6. e3 Qb6 7. Qc1 Bg4 8. Nc3 e6 9. Bd3 Rc8 10. Ne5 Nxe5 11. Bxe5 Nd7 12. Bg3 Bb4 13. O-O Qa5 14.
f3 Bh5 15. Be1 O-O 16. a3 Bd6 17. Qb1 Bg6 18. Ne4 Qb6 19. Nxd6 Qxd6 20. Bb4 Qb6 21. Bxg6 hxg6 22. Bxf8 Nxf8 23. Rc1 Rc4 24. Rxc4 dxc4 25. Qc2 Qa6 26. Rc1 b5 27. a4 bxa4 28. Qxc4 Qb6 29.
Rc2 Qa5 30. Kf2 g5 31. Qc5 Qa6 32. Qxg5 Qd3 33. Rc8 Qd2+ 34. Kg3 Qe1+ 35. Kh3 e5 36. Rxf8+ Kxf8 37. Qd8# 1-0

[Event "*** SCC Grand Prix: Titled Tuesday Blitz"]
[Site "Chess.com"]
[Date "2020.09.08"]
[Round "1"]
[White "Gvetadze"]
[Black "VerdeNotte"]
[Result "0-1"]
[WhiteElo "2424"]
[BlackElo "2854"]
[TimeControl "180+1"]
[EndTime "10:06:02 PDT"]
[Termination "VerdeNotte won by resignation"]

1. e4 e5 2. Nf3 Nc6 3. Bb5 a6 4. Ba4 d6 5. c3 Bd7 6. O-O g6 7. d4 Bg7 8. Re1 Nf6 9. h3 O-O 10.
Nbd2 exd4 11. cxd4 Nb4 12. Bxd7 Qxd7 13. Qb3 a5 14. a3 Nc6 15. Nf1 Nh5 16. Be3 Rfe8 17.
N1d2 Nf6 18. Bf4 a4 19. Qc2 Nh5 20. Be3 Nf6 21. Rac1 Re7 22. d5 Na5 23. Nd4 Rae8 24. Bg5 h6 25. Bxf6 Bxf6 26. N2f3 c5 27. dxc6 Nxc6 28.
Nxc6 Qxc6 29. Qd2 Qb6 30. Qxh6 Qxb2 31. Ng5 Bxg5 32. Qxg5 Qxa3 33. Qb5 Rxe4 34. Rxe4 Qxc1+ 0-1

[Event "*** SCC Grand Prix: Titled Tuesday Blitz"]
[Site "Chess.com"]
[Date "2020.09.08"]
[Round "1"]
[White "anon102030"]
[Black "VinzentSpitzl"]
[Result "1-0"]
[WhiteElo "2724"]
[BlackElo "2374"]
[TimeControl "180+1"]
[EndTime "10:06:03 PDT"]
[Termination "anon102030 won by resignation"]

1. e4 c6 2. d3 d5 3. Nd2 g6 4. g3 Bg7 5. Bg2 Nf6 6. Ngf3 O-O 7. O-O Bg4 8. h3 Bxf3 9. Qxf3 e5 10. Qe2 Re8 11. Nb3 Nbd7 12. Be3 Qc7 13. c4 d4 14. Bc1 c5 15. f4 a6 16. g4 exf4 17. Bxf4 Ne5 18.
Bg3 Nfd7 19. Nd2 Qc6 20. Rf2 b5 21. b3 b4 22. h4 a5 23. Bh3 a4 24. Raf1 axb3 25.
axb3 Ra2 26. g5 Re7 27. Bf4 f6 28. gxf6 Bxf6 29. Bxe5 Bxe5 30. Qg4 Nf6 31. Qg5 Kg7 32. Nf3 Rxf2 33. Rxf2 Bb8 34. h5 Nxh5 35. Qxe7+ Kh6 36. Qf8+ Ng7 37. Qxb8 1-0

[Event "*** SCC Grand Prix: Titled Tuesday Blitz"]
[Site "Chess.com"]
[Date "2020.09.08"]
[Round "1"]
[White "Izoria123"]
[Black "f3andwins"]
[Result "1-0"]
[WhiteElo "2872"]
[BlackElo "2433"]
[TimeControl "180+1"]
[EndTime "10:06:06 PDT"]
[Termination "Izoria123 won by resignation"]

1. Nf3 c5 2. c4 Nf6 3. Nc3 e6 4. e3 d5 5. d4 a6 6. cxd5 exd5 7.
g3 Nc6 8. Bg2 c4 9. Ne5 Be7 10.
O-O O-O 11. b3 Qa5 12. Bd2 Bb4 13. Nxc6 bxc6 14. Qc2 g6 15. bxc4 Bf5 16. Qb3 Bd3 17. a3 Bxc3 18. Bxc3 dxc4 19. Qxc4 Bxc4 20. Bxa5 Bxf1 21.
Kxf1 Rfc8 22. Rc1 Rab8 23. Rxc6 Rxc6 24. Bxc6 Rb2 25. h3 Rc2 26. Bb7 Ra2 27. Bb4 a5 28.
Be7 Nd7 29. Bc6 Nb6 30. Bc5 Nc4 31. d5 Nxa3 32. d6 Nc4 33. d7 Rd2 34. Bd4 1-0

[Event "*** SCC Grand Prix: Titled Tuesday Blitz"]
[Site "Chess.com"]
[Date "2020.09.08"]
[Round "1"]
[White "Aleksey_Sorokin"]
[Black "lider34"]
[Result "1/2-1/2"]
[WhiteElo "2781"]
[BlackElo "2410"]
[TimeControl "180+1"]
[EndTime "10:06:06 PDT"]
[Termination "Game drawn by agreement"]

1. d4 Nf6 2. c4 g6 3. Nc3 Bg7 4. e4 d6 5. Nf3 O-O 6. Be2 e5 7. O-O Nc6 8. d5 Ne7 9. Ne1 Nd7 10. Nd3 f5 11. f3 f4 12. b4 Nf6 13. a4 g5 14. c5 Rf7 15. Kh1 h5 16. Nf2 Bf8 17. Rg1 Rg7 18. g3 a5 19. cxd6 cxd6 20. bxa5 Rxa5 21.
Bd2 Ra8 22. Nb5 Ng6 23. gxf4 Nxf4 24. Bxf4 exf4 25. Qd4 g4 26. e5 dxe5 27. Qxe5 Bd7 28. Nc7 Ra5 29. Ne6 Bxe6 30. Qxe6+ Kh8 31. fxg4 Qxd5+ 32. Qxd5 Rxd5 33. Rad1 Rxd1 34. Bxd1 Bc5 35. Rg2 hxg4 36.
Nxg4 Nxg4 37. Rxg4 Rxg4 38. Bxg4 b6 39. Kg2 Kg7 40.
Kf3 Bd6 41. h4 Be7 42. h5 Bd6 43. Ke4 Kf6 44. Bf3 Bb4 45. Kxf4 Bd2+ 46. Ke4 Kg5 47. Kd3 Be1 48. Kc4 1/2-1/2

[Event "*** SCC Grand Prix: Titled Tuesday Blitz"]
[Site "Chess.com"]
[Date "2020.09.08"]
[Round "1"]
[White "wannabe2700"]
[Black "Mambastik-Fantastic"]
[Result "1-0"]
[WhiteElo "2626"]
[BlackElo "2304"]
[TimeControl "180+1"]
[EndTime "10:06:06 PDT"]
[Termination "wannabe2700 won by resignation"]

1. e4 c5 2. d4 cxd4 3. Nf3 d6 4. Nxd4 Nf6 5. Nc3 a6 6. Be3 e5 7. Nb3 Be6 8. f3 Be7 9. Qd2 O-O 10. O-O-O Nbd7 11. g4 b5 12. g5 b4 13. Na4 Nh5 14. Qxb4 Bxg5 15. Bxg5 Qxg5+ 16. Kb1 Rfc8 17. Qxd6 h6 18.
Bxa6 Rcb8 19. Nbc5 Nxc5 20. Nxc5 Nf4 21. Nxe6 Nxe6 22. Bc4 Nd4 23. Rhf1 Qg2 24. Bb3 Qxh2 25. Rxd4 Qg2 26. Rdd1 1-0

[Event "*** SCC Grand Prix: Titled Tuesday Blitz"]
[Site "Chess.com"]
[Date "2020.09.08"]
[Round "1"]
[White "Hard_Utilizator"]
[Black "AlexOstrovskiy"]
[Result "0-1"]
[WhiteElo "2382"]
[BlackElo "2746"]
[TimeControl "180+1"]
[EndTime "10:06:07 PDT"]
[Termination "AlexOstrovskiy won by resignation"]

1. e4 e6 2. d4 d5 3. Nd2 h6 4. c3 c5 5. exd5 exd5 6. Bb5+ Bd7 7. Bxd7+ Nxd7 8. Ngf3 Ngf6 9. O-O Be7 10. dxc5 Nxc5 11.
Nb3 O-O 12. Nxc5 Bxc5 13. Nd4 Ne4 14. Be3 Re8 15. Re1 a6 16. f3 Nd6 17. Nc2 Bxe3+ 18.
Rxe3 Rxe3 19. Nxe3 Qb6 20. Qd4 Qxb2 21. Re1 Re8 22. h4 Nb5 23. Qb4 Qxc3 24. Qxc3 Nxc3 25. Kf2 d4 26. Nf5 Rxe1 27. Kxe1 Nxa2 28. Nxd4 Nb4 29. Nb3 Kf8 30. Kd2 Ke7 31. Kc3 Nd5+ 32. Kd4 Kd6 33. Nc5 Kc6 34. Nb3 b6 35. Nc5 bxc5+ 0-1

[Event "*** SCC Grand Prix: Titled Tuesday Blitz"]
[Site "Chess.com"]
[Date "2020.09.08"]
[Round "1"]
[White "AJSC02"]
[Black "sofaceindisguise"]
[Result "0-1"]
[WhiteElo "2301"]
[BlackElo "2622"]
[TimeControl "180+1"]
[EndTime "10:06:13 PDT"]
[Termination "sofaceindisguise won by checkmate"]

1. e4 c5 2. Nf3 Nc6 3. c3 Nf6 4. e5 Nd5 5. d4 cxd4 6. cxd4 d6 7.
Bc4 Nb6 8. Bb5 d5 9. O-O Bg4 10. h3 Bxf3 11. Qxf3 e6 12. Nc3 Rc8 13. Rd1 Be7 14. Qg3 g6 15. Bh6 Bf8 16. Bg5 Be7 17. Bh6 a6 18. Be2 Na5 19. Rac1 Nac4 20. b3 Na5 21. f4 Bf8 22. Bg5 Qd7 23. Bf6 Rg8 24.
Qh4 h5 25. g4 Be7 26. Kh1 Bxf6 27. exf6 hxg4 28. Bxg4 Qd6 29. Qh7 Rf8 30. Re1 Kd8 31. Qg7 Nc6 32. Ne2 Nd7 33. Rcd1 Kc7 34. Nc3 Kb8 35.
Na4 Qxf4 36. Nc5 Nxc5 37. dxc5 Ne5 38. Rc1 Rg8 39. Qh7 Rh8 40. Qg7 Nxg4 41. Qxf7 Qh2# 0-1

[Event "*** SCC Grand Prix: Titled Tuesday Blitz"]
[Site "Chess.com"]
[Date "2020.09.08"]
[Round "1"]
[White "MNyuyu"]
[Black "Shota_Azaladze"]
[Result "0-1"]
[WhiteElo "2340"]
[BlackElo "2674"]
[TimeControl "180+1"]
[EndTime "10:06:15 PDT"]
[Termination "Shota_Azaladze won by resignation"]

1. d4 g6 2. Nf3 Bg7 3. Bf4 d6 4. e3 Nf6 5. Be2 O-O 6. h3 Nc6 7. c3 Nd7 8. O-O e5 9. dxe5 dxe5 10. Bh2 Qe7 11. Nbd2 f6 12. Qc2 a5 13. Bb5 Nb6 14. Nc4 Nxc4 15. Bxc4+ Kh8 16. Rad1 Bf5 17. e4 Bd7 18. Rd3 Na7 19. Rfd1 Be8 20. a3 Nc8 21. Rd8 Nb6 22. Rxa8 Nxa8 23. Qd3 Nb6 24. Bb5 c6 25. Bc4 Nxc4 26. Qxc4 Bf7 27. Qd3 Be6 28. Qd6 Qf7 29. g4 h6 30. Kg2 a4 31. Nh4 Re8 32. f4 exf4 33. e5 fxe5 34. Qd3 Kh7 35. Kg1 Qf6 36. Qe4 Bd5 37. Qe1 b5 38. Ng2 Rf8 39. b3 axb3 0-1

[Event "*** SCC Grand Prix: Titled Tuesday Blitz"]
[Site "Chess.com"]
[Date "2020.09.08"]
[Round "1"]
[White "Th3_Hound"]
[Black "Jenia84"]
[Result "1/2-1/2"]
[WhiteElo "2614"]
[BlackElo "2310"]
[TimeControl "180+1"]
[EndTime "10:06:16 PDT"]
[Termination "Game drawn by repetition"]

1. e4 e5 2. Nf3 Nc6 3. Bb5 Nf6 4. O-O Nxe4 5. Re1 Nd6 6. Nxe5 Be7 7. Bf1 Nxe5 8.
Rxe5 O-O 9. d4 Ne8 10. d5 Bc5 11. Nc3 d6 12. Re1 Bf5 13. Be3 Bb6 14. Bd3 Bxd3 15. Qxd3 Bxe3 16. Rxe3 Nf6 17. Rae1 Re8 18. Ne4 Rxe4 19.
Rxe4 Nxe4 20. Rxe4 Qf6 21. c3 g6 22. Qe3 Kg7 23. h4 h5 24. Re7 Rc8 25. g3 b6 26.
a4 a5 27. Kg2 Qf5 28. c4 Qf6 29. b3 Kf8 30. Re4 Kg7 31. Rf4 Qe5 32. Re4 Qf6 33.
Re7 Kf8 34. Re4 Kg7 1/2-1/2

[Event "*** SCC Grand Prix: Titled Tuesday Blitz"]
[Site "Chess.com"]
[Date "2020.09.08"]
[Round "1"]
[White "gmasterkiller"]
[Black "Phenix2k"]
[Result "1-0"]
[WhiteElo "2528"]
[BlackElo "2161"]
[TimeControl "180+1"]
[EndTime "10:06:16 PDT"]
[Termination "gmasterkiller won by resignation"]

1. e4 e5 2. Nf3 Nc6 3. Bb5 a6 4. Ba4 Nf6 5. O-O Be7 6. d3 d6 7. c3 O-O 8. Nbd2 Re8 9. Re1 Bf8 10. Nf1 b5 11. Bb3 d5 12. Ng3 dxe4 13. dxe4 Qxd1 14.
Rxd1 Bc5 15. h3 h6 16. a4 b4 17. Nd2 Be6 18. Bxe6 Rxe6 19. Nc4 Ree8 20. Be3 Bxe3 21. Nxe3 bxc3 22. bxc3 Red8 23. Nd5 Nxd5 24. exd5 Na5 25. Nf5 Kf8 26. Ne3 Ke7 27. Rab1 Rab8 28. Rb4 c6 29.
d6+ Kd7 30. h4 c5 31. Rg4 g6 32. Rd5 Nb7 33. Nc4 f6 34. Rxg6 Ke6 35. Rd1 Nxd6 36. Rxd6+ Rxd6 37. Nxd6 Kxd6 38. Rxf6+ Kd5 39. Rxa6 Rb1+ 40.
Kh2 Kc4 41. Rxh6 Kxc3 42. h5 c4 43. Rc6 Ra1 44. g4 Rxa4 45. Kg3 Kd3 46. h6 Ra5 47. h7 Ra8 48. g5 c3 49. g6 e4 50. g7 1-0